 Dungeon Crawl Stone Soup version 0.31-a0-43-g46d131a48f (webtiles) character file.

Game seed: 12235816238340554705

210 omnomnOMINOUS the Changer (level 5, -2/35 HPs)
             Began as an Octopode Wanderer on May 19, 2023.
             Slain by an orc priest
             ... wielding a +0 falchion
              (7 damage)
             ... on level 3 of the Dungeon.
             The game lasted 00:09:41 (2461 turns).

omnomnOMINOUS the Changer (Octopode Wanderer)       Turns: 2461, Time: 00:09:42

Health: -2/35      AC:  1    Str: 11    XL:     5   Next: 88%
Magic:  8/8        EV: 13    Int: 18    God:
Gold:   20         SH:  0    Dex: 10    Spells: 2/8 levels left

rFire   . . .        a - +0 long sword (holy)
rCold   + . .        (no shield)
rNeg    . . .        c - +0 hat
rPois   .            (no amulet)
rElec   .            k - ring of protection from cold
rCorr   .            (no ring)
SInv    .            (no ring)
Will    .....        (no ring)
Stlth   +++          (no ring)
HPRegen 0.25/turn    (no ring)
MPRegen 0.11/turn    (no ring)
                     (no ring)

%: no passive effects
@: no status effects
A: almost no armour, amphibious, 8 rings, camouflage 1, gelatinous body 1,
(nimble swimmer 1), tentacles
a: no special abilities


You were on level 3 of the Dungeon.
You visited 1 branch of the dungeon, and saw 3 of its levels.

You collected 96 gold pieces.
You spent 76 gold pieces at shops.

Inventory:

Hand Weapons
 a - a +0 long sword of holy wrath (weapon)
Armour
 c - a +0 hat (worn)
Jewellery
 k - a ring of protection from cold (left tentacle)
 p - an amulet of magic regeneration
Wands
 q - a wand of polymorph (6)
Scrolls
 b - a scroll of fear
 e - 2 scrolls of teleportation
 f - 2 scrolls of vulnerability
 g - a scroll of magic mapping {unknown}
 h - a scroll of torment {unknown}
 i - 2 scrolls of identify
 j - 2 scrolls of noise
 l - a scroll of blinking {unknown}
 m - a scroll of silence {unknown}
 o - a scroll of enchant weapon {unknown}
 r - a scroll of amnesia {unknown}
Potions
 d - a potion of lignification
 n - 2 potions of flight


   Skills:
 + Level 2.3 Fighting
 + Level 2.3 Dodging
 - Level 2.6 Stealth
 - Level 2.0 Spellcasting
 + Level 2.0 Conjurations
 - Level 4.0 Transmutations
 + Level 4.0 Earth Magic


You had 2 spell levels left.
You knew the following spells:

 Your Spells              Type           Power      Damage    Failure   Level
a - Stone Arrow           Conj/Erth      24%        3d8       16%         3
b - Passwall              Tmut/Erth      13%        N/A       5%          2
c - Apportation           Tloc           2%         N/A       19%         1

Your spell library contained the following spells:

 Spells                   Type           Power      Damage    Failure   Level
 Beastly Appendage        Tmut           32%        N/A       3%          1
 Sandblast                Erth           32%        2d9       3%          1
 Foxfire                  Conj/Fire      20%        2x1d5     12%         1
 Necrotise                Necr           4%         1d4       19%         1
 Summon Small Mammal      Summ           4%         N/A       19%         1
 Ignite Poison            Fire/Tmut/Pois 6%         N/A       32%         3
 Anguish                  Hex/Necr       0%         N/A       87%         4
 Cause Fear               Hex            0%         N/A       87%         4
 Fireball                 Conj/Fire      2%         3d4       97%         5
 Plasma Beam              Fire/Air       0%         2x1d11    100%        6
 Starburst                Conj/Fire      2%         6d3       100%        6
 Enfeeble                 Hex            0%         N/A       100%        7


Dungeon Overview and Level Annotations

Branches:
Dungeon (3/15)

Altars:

Shops:
D:3 [*(

Annotations:
D:1 1 runed translucent door
D:3 Terence


Innate Abilities, Weirdness & Mutations

You cannot wear most types of armour.
You are amphibious.
You can wear up to eight rings at the same time.
Your skin changes colour to match your surroundings (Stealth+).
Your rubbery body absorbs attacks. (AC +1, EV +1)
((You are camouflaged when in or above water. (Stealth+)))
You have tentacles for arms and can constrict up to eight enemies at once.


Message History

You see here the felid corpse of Natasha.
You feel less batty.
Your +0 long sword of holy wrath unmelds from your body.
Your +0 hat unmelds from your body.
Your ring of protection from cold unmelds from your body.
Your +0 long sword of holy wrath softly glows with a divine radiance!
You start resting.
HP restored.
There is an open door here.
An orc and an orc priest come into view.
An orc comes into view. It is wielding a +0 club.
The helpless orc fails to defend itself.
You hit the orc. Your grab misses the orc. Your squeeze misses the orc.
The orc is almost dead.
The orc closely misses you.
You hit the orc.
You kill the orc!
The orc priest shouts!
The orc priest mumbles some strange prayers to Beogh against you.
Beogh smites you!
The orc priest invokes the aid of Beogh against you.
Pain shoots through your body!
The orc shouts!
Unknown command.
An orc comes into view. It is wielding a +0 short sword.
Found a stone staircase leading down.
The orc shouts!
The orc priest hits you with a +0 falchion.
You see here a +0 flail.
You closely miss the orc priest. Your grab misses the orc priest.
The orc priest barely misses you. The orc hits you with a +0 club.
You closely miss the orc priest. You grab the orc priest.
You constrict the orc priest.
The orc priest hits you with a +0 falchion. x2
* * * LOW HITPOINT WARNING * * *
You hit the orc priest.
The orc priest is lightly wounded.
You constrict the orc priest.
The orc priest hits you with a +0 falchion!
You die...

#.## #.# #.# #.#
#.# #.# #.## #.#
#####.# #.... #.#
##...(.# #.##.
#.#####...##.###
#o#
#...............
#..
#.#####...######
#.##..###.# ##.##
#....oo@..# #.#
####..###.# #.#
#.. #.# #.# #..
#.# #.# #.. #.#
#.# #.. #.# #.#
#.. #.#
##.####### #>.
##.#####.........
.#.......#######


You could see an orc priest and an orc.

Vanquished Creatures
  A jelly (D:3)
  Natasha (thrice) (D:3)
  3 adders
  3 dart slugs
  An orc (D:3)
  3 ball pythons
  10 bats
  9 endoplasms
  A giant cockroach (D:1)
  5 goblins
  2 hobgoblins (D:1)
  2 jackals (D:2)
  A quokka (D:3)
  5 frilled lizards
  5 kobolds
  9 rats
63 creatures vanquished.

Notes
Turn   | Place    | Note
-------+----------+-------------------------------------------
     0 | D:1      | omnomnOMINOUS the Octopode Wanderer began the quest for the
                  | Orb.
     0 | D:1      | omnomnOMINOUS set off with the following items: a +0 club,
                  | a scroll of fear, a +0 hat; and the following spells
                  | available to memorise: Beastly Appendage, Sandblast,
                  | Passwall, Stone Arrow, Ignite Poison.
     0 | D:1      | Reached XP level 1. HP: 11/11 MP: 2/2
     1 | D:1      | Found a runed translucent door.
   105 | D:1      | Reached XP level 2. HP: 18/18 MP: 3/3
   224 | D:1      | Reached skill level 1 in Fighting
   283 | D:1      | Reached skill level 1 in Dodging
   500 | D:2      | Reached XP level 3. HP: 23/23 MP: 5/5
   518 | D:2      | Learned a level 3 spell: Stone Arrow
   890 | D:2      | Learned a level 2 spell: Passwall
   908 | D:2      | Reached XP level 4. HP: 19/28 MP: 6/6
  1165 | D:3      | Found Niet's Assorted Antiques.
  1255 | D:3      | Noticed Natasha
  1259 | D:3      | Killed Natasha
  1260 | D:3      | Reached skill level 1 in Conjurations
  1292 | D:3      | Learned a level 1 spell: Apportation
  1373 | D:3      | Noticed Terence
  1402 | D:3      | Found Igrufeanti's Antique Armour Emporium.
  1421 | D:3      | Noticed Natasha
  1522 | D:3      | Killed Natasha
  1523 | D:3      | Reached XP level 5. HP: 8/34 MP: 8/8
  1668 | D:3      | Found Koxkellu's Antique Weapon Emporium.
  1794 | D:3      | Noticed Natasha
  1973 | D:3      | Bought a copper wand for 76 gold pieces
  2352 | D:3      | Killed Natasha
  2461 | D:3      | Slain by an orc priest

Illustrated notes

Levels and vault maps discovered:
D:1:      dpeg_arrival_caged_fury, layout_rooms
D:2:      layout_rooms, kennysheep_big_empty_room, serial_park_tiny_2
D:3:      minmay_skewed_foursquare, layout_loops_ring, serial_shops, shop,
          nicolae_square_shop, shop, uniq_terence, uniq_natasha

Skill      XL: |  1  2  3  4  5 |
---------------+----------------+-----
Fighting       | 1 2 |  2.3
Dodging        | 1 2 |  2.3
Spellcasting   | 2 |  2.0
Conjurations   | 1 2 |  2.0
Earth Magic    | 4 |  4.0
Stealth        | |  2.6
Transmutations | |  4.0

Action                     |  1- 3 |  4- 6 || total
---------------------------+-------+-------++-------
  Melee: Long sword        |    77 |    47 ||   124
         Tentacles         |     8 |    12 ||    20
         Constrict         |    15 |    10 ||    25
         Punch             |     1 |       ||     1
         Unarmed           |       |     7 ||     7
   Cast: Stone Arrow       |       |     2 ||     2
  Evoke: Wand              |       |     3 ||     3
    Use: Scroll            |     1 |     4 ||     5
         Potion            |     1 |       ||     1
   Stab: Sleeping          |     7 |     5 ||    12
 Armour: Skin              |    29 |     5 ||    34
  Dodge: Dodged            |    57 |    24 ||    81

Table legend: (Time is in decaauts)
 A = Elapsed time spent in this place.
 B = Non-inter-level travel time spent in this place.
 C = Inter-level travel time spent in this place.
 D = Time resting spent in this place.
 E = Time spent auto-exploring this place.
 F = Levels seen in this place.
 G = Mean time per level.
                   A        B        C        D        E       F      G
               +--------+--------+--------+--------+--------+-----+--------+
         Total |   2507 |   2452 |     55 |    451 |   1348 |   3 |  835.7 |
       Dungeon |   2507 |   2452 |     55 |    451 |   1348 |   3 |  835.7 |
               +--------+--------+--------+--------+--------+-----+--------+

Top non-repeatable levels by time:
     D:3: 1178 daAuts
     D:2: 859 daAuts
     D:1: 469 daAuts
